Unix NetHack Version 5.0.0-0 post-release - last build May  4 2026 22:22:43 (774f63e81ad911689b3a0859ea89b322d5daca8d,branch:main).

Game began 2026-05-09 22:27:20, ended 2026-05-09 22:31:27.

Ch3Begorrah, chaotic male human Rogue

                   -------
                   |.....|             -------------
                  #......|   ##########-.^.........|
                  #|.>....####         |............######
               ####|.....|  ###        -...........|     #
               #   -------             |...........)###h@#####
          #    #                  #####-...........|       ###
      ----|--  #            #######    -------------        ####   -----
      |......###            #                                 ###  |...|
      |.....|##             #                                  ####....|
      |......##  -----     ##                                  ####|...----
      |.>...| ###|.<.|                                            #-%.....|
      |.....+####|{..|                                             |......|
      |..Z..|   #|...|                               ##############.....{.|
      -------   #....|                                             --------
                #|....
                 -----

Ch3Begorrah the Footpad  St:12 Dx:13 Co:13 In:10 Wi:12 Ch:14  Chaotic
Dlvl:2  $:7  HP:0(21) Pw:10(10) AC:6  Xp:2 T:705  Fainted  Deaf

Latest messages:
 You see here a food ration.
 The door resists!
 The door opens.
 You are beginning to feel weak.
 In what direction? l
 You throw 2 daggers.
 The 1st dagger hits the coyote.
 The 2nd dagger misses the coyote.
 In what direction? l
 You throw 2 daggers.
 The 1st dagger misses the coyote.
 The 2nd dagger hits the coyote.
 You kill the coyote!
 m - 2 +0 daggers (at the ready) (3 in total).
 m - 2 +0 daggers (at the ready) (5 in total).
 What do you want to drink? [dj or ?*] j
 You feel better.
 You faint from lack of food.
 You regain consciousness.
 You faint from lack of food.
 The hobbit opens a door.
 You regain consciousness.
 You faint from lack of food.
 The hobbit wields a sling!
 The hobbit shoots a rock!
 You are almost hit by a rock.
 The hobbit shoots a rock!
 A rock misses you.
 The hobbit shoots a rock!
 You are hit by a rock.
 You regain consciousness.
 In what direction? h
 The dagger misses the hobbit.
 You are hit by a rock.
 You can hear again.
 In what direction? h
 The dagger hits it.
 In what direction? h
 The dagger misses.
 You faint from lack of food.
 You are hit by a dagger.
 You are hit by a dagger.
 The hobbit swings his sling.
 The hobbit hits!
 The hobbit swings his sling.
 The hobbit hits!
 The hobbit swings his sling.
 The hobbit hits!
 You die...
 Do you want your possessions identified? [ynq] (y) q

Inventory:
 Coins    ('$')
  $ - 7 gold pieces
 Weapons  (')')
  p - 6 +0 arrows
  h - 7 +0 darts
  b - a +0 dagger (weapon in right hand)
  m - 2 +0 daggers (at the ready)
  n - a +0 orcish dagger
  a - a +0 short sword (alternate weapon; not wielded)
 Armor    ('[')
  k - an uncursed +0 orcish helm (being worn)
  c - an uncursed +1 leather armor (being worn)
 Comestibles  ('%')
  o - an uncursed fortune cookie
 Potions  ('!')
  d - an uncursed potion of sickness
 Rings    ('=')
  l - an uncursed ring of hunger named ok
 Tools    ('(')
  f - an empty uncursed sack
  g - an uncursed blindfold
  e - an uncursed lock pick
  i - a cursed +0 pick-axe named cursed
 Gems/Stones  ('*')
  q - 2 cursed worthless pieces of red glass

Ch3Begorrah the Rogue's attributes:

Background:
 You were a Footpad, a level 2 male human Rogue.
 You were chaotic, on a mission for Kos
 who was opposed by Issek (lawful) and Mog (neutral).
 You were right-handed.
 You were in the Dungeons of Doom, on level 2.
 You entered the dungeon 705 turns ago.
 It was nighttime.
 You had 24 experience points, 16 more were needed to attain level 3.

Basics:
 You had 0 out of 21 hit points.
 You had all 10 energy points (spell power).
 Your armor class was 6.
 Your wallet contained 7 zorkmids.
 Autopickup was on for '$!/(' plus thrown, with exceptions.

Final Characteristics:
 Your strength was 12 (base:13, limit:18/100).
 Your dexterity was 13 (limit:18).
 Your constitution was 13 (limit:18).
 Your intelligence was 10 (limit:18).
 Your wisdom was 12 (limit:18).
 Your charisma was 14 (limit:18).

Final Status:
 You were deaf.
 You were fainted due to starvation.
 You were unencumbered.
 You were wielding a dagger.
 You had basic skill with dagger.

Final Attributes:
 You were fervently aligned.
 You were stealthy.
 You were warded.
 You are dead.

Miscellaneous:
 You didn't encounter any bones levels.
 Total elapsed playing time was 4 minutes and 6 seconds.

Major events:
 Turn
    1: Ch3Begorrah the chaotic male human Rogue entered the dungeon
  313: entered the Gnomish Mines
  705: killed by a hobbit, while fainted from lack of food

You didn't know any spells.

Skills:
 Fighting Skills
   bare handed combat [Unskilled]
   two weapon combat  [Unskilled]
   riding             [Unskilled]
 Weapon Skills
   dagger             [Basic]
   knife              [Unskilled]
   short sword        [Basic]
   broadsword         [Unskilled]
   long sword         [Unskilled]
   two-handed sword   [Unskilled]
   saber              [Unskilled]
   club               [Unskilled]
   mace               [Unskilled]
   morning star       [Unskilled]
   flail              [Unskilled]
   hammer             [Unskilled]
   polearms           [Unskilled]
   spear              [Unskilled]
   crossbow           [Unskilled]
   dart               [Unskilled]
   shuriken           [Unskilled]
 Spellcasting Skills
   divination spells  [Unskilled]
   escape spells      [Unskilled]
   matter spells      [Unskilled]

Voluntary challenges:
 Character rerolling was not enabled.
 You went without food.
 You were an atheist.
 You were illiterate.
 You never genocided any monsters.
 You never polymorphed an object.
 You never changed form.
 You used no wishes.
Achievement:
 You entered the Gnomish Mines.

 The Dungeons of Doom: levels 1 to 2
    Level 1:
       A sink, a grave.
    Level 2: <- You were here.
       A fountain, a sink.
       Stairs down to The Gnomish Mines.
       Final resting place for
          you, killed by a hobbit, while fainted from lack of food.
 The Gnomish Mines:
    Level 3:


Vanquished creatures:
  a coyote
  4 jackals
  2 kobolds
  a goblin
  a lichen
  a kobold zombie
10 creatures vanquished.

No species were genocided or became extinct.

Game over:
                       ----------
                      /          \
                     /    REST    \
                    /      IN      \
                   /     PEACE      \
                  /                  \
                  |   Ch3Begorrah    |
                  |       7 Au       |
                  |   killed by a    |
                  |      hobbit      |
                  |                  |
                  |                  |
                  |       2026       |
                 *|     *  *  *      | *
        _________)/\\_//(\/(/\)/\//\/|_)_______

Goodbye Ch3Begorrah the Rogue...

You died in The Dungeons of Doom on dungeon level 2 with 213 points,
and 7 pieces of gold, after 705 moves.
You were level 2 with a maximum of 21 hit points when you died.

